 Dungeon Crawl Stone Soup version 0.31-a0-232-gb1c03b2570 (webtiles) character file.

Game seed: 12816451223769401704

24 qw the Shooter (level 3, -1/21 HPs)
             Began as a Gargoyle Hexslinger on July 7, 2023.
             Slain by a gnoll
             ... wielding a +0 club
              (7 damage)
             ... on level 2 of the Dungeon.
             The game lasted 00:00:16 (618 turns).

qw the Shooter (Gargoyle Hexslinger)                 Turns: 618, Time: 00:00:17

Health: -1/21      AC:  9    Str: 11    XL:     3   Next: 2%
Magic:  4/4        EV: 10    Int: 13    God:
Gold:   95         SH:  0    Dex: 20    Spells: 3/4 levels left

rFire   . . .        Y - +1 sling
rCold   . . .        (no shield)
rNeg    + . .        e - +0 ring mail
rPois   inf          (no helmet)
rElec   +            g - +0 cloak
rCorr   .            (no gloves)
SInv    .            (no boots)
Will    .....        (no amulet)
Stlth   +            h - +6 ring of dexterity
HPRegen 0.23/turn    (no ring)
MPRegen 0.09/turn

%: no passive effects
@: no status effects
A: sickness immunity, AC +3, negative energy resistance 1, electricity
resistance, torment resistance 1, petrification resistance
a: no special abilities


You were on level 2 of the Dungeon.
You visited 1 branch of the dungeon, and saw 2 of its levels.

You collected 95 gold pieces.


Innate Abilities, Weirdness & Mutations

You are immune to sickness and miasma.
Your stone body is resilient. (AC +3)
You are immune to poison.
You resist negative energy. (rN+)
You are resistant to electric shocks. (rElec)
You are resistant to unholy torment.
You are immune to petrification.


   Skills:
 - Level 2.0 Fighting
 - Level 3.0 Ranged Weapons
 + Level 0.1 Armour
 - Level 1.5 Dodging
 - Level 1.0 Spellcasting
 - Level 2.6 Hexes


You had 3 spell levels left.
You knew the following spells:

 Your Spells              Type           Power      Damage    Failure   Level
a - Slow                  Hex            28%        N/A       22%         1

Your spell library contained the following spells:

 Spells                   Type           Power      Damage    Failure   Level
 Inner Flame              Hex/Fire       4%         N/A       75%         3
 Portal Projectile        Hex/Tloc       8%         N/A       75%         3
 Cause Fear               Hex            3%         N/A       92%         4

Inventory:

Hand Weapons
 Y - a +1 sling (weapon)
Armour
 e - a +0 ring mail (worn)
 g - a +0 cloak (worn)
Jewellery
 h - a +6 ring of dexterity (left hand)
Potions
 f - a potion of mutation {unknown}
 i - a potion of degeneration {unknown}
 j - a potion of cancellation {unknown}

Dungeon Overview and Level Annotations

Branches:
Dungeon (2/15)

Altars:


Message History

You kill the goblin!
The rat barely misses you. The rat completely misses you.
Your Fighting skill increases to level 2!
You have reached level 3!
Your experience leads to an increase in your attributes!
Your base attributes are Str 11, Int 13, Dex 12.
Increase (S)trength, (I)ntelligence, or (D)exterity?
You feel agile. x2
You shoot a sling bullet. The sling bullet hits the rat.
You kill the rat!
The bat hits you but does no damage.
A gnoll comes into view. It is wielding a +0 flail.
You shoot a sling bullet. The sling bullet hits the gnoll.
The gnoll is moderately wounded.
The bat barely misses you. The gnoll hits you with a +0 club.
You shoot a sling bullet.
The sling bullet closely misses the gnoll.
You hear a bark!
The bat hits you but does no damage. The gnoll closely misses you.
A jackal comes into view.
The gnoll hits you but does no damage.
You shoot a sling bullet.
The sling bullet closely misses the gnoll.
The sling bullet hits the gnoll.
The gnoll is lightly wounded.
The gnoll hits you with a +0 flail. The gnoll hits you with a +0 club.
The gnoll hits you but does no damage.
A rat comes into view.
You shoot a sling bullet.
The sling bullet completely misses the gnoll.
The sling bullet hits the gnoll.
The gnoll is moderately wounded.
A jackal comes into view.
The gnoll hits you from afar with a +0 halberd.
The gnoll barely misses you.
The jackal moves out of view.
You shoot a sling bullet. The sling bullet hits the gnoll.
The gnoll is moderately wounded.
The gnoll hits you with a +0 flail. The gnoll barely misses you.
The gnoll hits you with a +0 club!
You die...

#..# #..#
########..####.# ## #
...............# ###. ..
.#######.#########...
#.# #.# ##.(.... .. #.#
##......#
#.#.#b#####.####.....###
.r...hg@......)...####
.#.#.#g############ .g#
#h#. .. . .# #. . #.


You could see 3 gnolls, 2 jackals, a bat and a rat.

Vanquished Creatures
  An endoplasm (D:1)
  5 goblins
  3 hobgoblins (D:1)
  2 quokkas (D:1)
  3 bats (D:1)
  6 kobolds (D:1)
  2 rats
22 creatures vanquished.

Notes
Turn   | Place    | Note
-------+----------+-------------------------------------------
     0 | D:1      | qw the Gargoyle Hexslinger began the quest for the Orb.
     0 | D:1      | Reached XP level 1. HP: 12/12 MP: 2/2
     0 | D:1      | 0 ||| qw: Version: 0.3-a-46-gb1f654a
     0 | D:1      | 0 ||| qw: Game counter: 2652
     0 | D:1      | 0 ||| qw: Melee chars always use a shield: true
     0 | D:1      | 0 ||| qw: God list: Okawaru
     0 | D:1      | 0 ||| qw: Allow faded altars: false
     0 | D:1      | 0 ||| qw: Do Orc after clearing Dungeon:15 true
     0 | D:1      | 0 ||| qw: Do second Lair branch before Depths: true
     0 | D:1      | 0 ||| qw: Lair rune preference: random
     0 | D:1      | 0 ||| qw: Goals: Normal
     0 | D:1      | 0 ||| PLANNING D:1-11
    77 | D:1      | Reached XP level 2. HP: 15/16 MP: 3/3
   196 | D:1      | Reached skill level 3 in Ranged Weapons
   478 | D:1      | 478 ||| UPGRADING to +0 ring mail.
   488 | D:1      | 488 ||| DROPPING +0 robe.
   489 | D:1      | 489 ||| UPGRADING to +0 cloak.
   494 | D:1      | 494 ||| UPGRADING to +6 ring of dexterity.
   495 | D:1      | 495 ||| READING scroll labelled TIWOCO FADGHOIWK.
   496 | D:1      | 496 ||| DROPPING scroll of poison.
   613 | D:2      | Reached XP level 3. HP: 21/21 MP: 4/4
   618 | D:2      | Slain by a gnoll

Levels and vault maps discovered:
D:1:      saegor_arrival_simple_d, layout_rooms, st_stairs_6, minmay_ruptured
D:2:      layout_basic, serial_curves, eino_curves_01, eino_curves_01,
          eino_curves_02, eino_curves_04, hex_medium, uniq_natasha, uniq_robin,
          uniq_sigmund

Skill      XL: |  1  2 |
---------------+-------+-----
Ranged Weapons | 3 |  3.0
Fighting       | 2 |  2.0
Armour         | |  0.1
Dodging        | |  1.5
Spellcasting   | |  1.0
Hexes          | |  2.6

Action                     || total
---------------------------++-------
   Fire: Sling             ||    70
    Use: Scroll            ||     1
 Armour: Robe              ||    27
         Ring mail         ||     6
  Dodge: Dodged            ||    42

Table legend:
 A = Non-vault XP
 B = Vault XP
 C = Vault XP percentage of total XP
 D = Non-vault monster count
 E = Vault monster count
 F = Vault count percentage of total count
                 A         B        C        D         E       F
            +---------+---------+-------+---------+---------+-------
      Total |      26 |       9 |  25.7 |      17 |       5 |  22.7
            +---------+---------+-------+---------+---------+-------
        D:1 |      23 |       9 |  28.1 |      15 |       5 |  25.0
        D:2 |       3 |       0 |   0.0 |       2 |       0 |   0.0
            +---------+---------+-------+---------+---------+-------
